[Event "Late-Titled-Tuesday-Blitz-April-30-2024"]
[Site "Chess.com"]
[Date "2024.04.30"]
[Round "3"]
[White "Romadk"]
[Black "alexrustemov"]
[Result "0-1"]
[WhiteElo "2514"]
[BlackElo "2894"]
[TimeControl "180+1"]
[EndTime "14:27:59 PDT"]
[Termination "alexrustemov won by resignation"]

1. d4 d5 2. Nf3 Nf6 3. g3 Bf5 4.
Bg2 e6 5. c4 c6 6. Nc3 Nbd7 7.
Qb3 Qb6 8. c5 Qxb3 9. axb3 a6 10.
b4 O-O-O 11. h3 h6 12. g4 Bh7 13. Bf4 Ne4 14. Ne5 Nxe5 15. Bxe5 f6 16. Bf4 Be7 17. f3 Ng5 18. b5 cxb5 19. c6 Bd6 20. Bxd6 Rxd6 21.
cxb7+ Kxb7 22. h4 Nf7 23. e3 Rd7 24. Kd2 Nd6 25. b3 Rc8 26. Rhc1 Rdc7 27. Ne2 Rc2+ 28. Rxc2 Rxc2+ 29. Ke1 Rb2 30. Nf4 Rxb3 31. Nxe6 Rxe3+ 32. Kf2 Rxe6 0-1

[Event "Late-Titled-Tuesday-Blitz-April-30-2024"]
[Site "Chess.com"]
[Date "2024.04.30"]
[Round "3"]
[White "conformalfunction"]
[Black "manitodeplomo"]
[Result "0-1"]
[WhiteElo "2409"]
[BlackElo "2617"]
[TimeControl "180+1"]
[EndTime "14:27:59 PDT"]
[Termination "manitodeplomo won by resignation"]

1. e3 g6 2. Nf3 Bg7 3. d4 c5 4. Be2 Nf6 5. O-O O-O 6. c4 d5 7. dxc5 dxc4 8. Qa4 Na6 9. Qxc4 Be6 10. Qc2 Qa5 11. a3 Qxc5 12. Qxc5 Nxc5 13. Nbd2 Rac8 14. b4 Na4 15. Nd4 Nc3 16. Bf3 Bd5 17.
Bb2 e5 18. Bxd5 Nfxd5 19. N4b3 Na4 20. Rab1 Rc2 21. Ba1 Rfc8 22. Rfd1 Ndc3 23. Bxc3 Nxc3 24. Na1 Ra2 25. Ndb3 Nxb1 26. Rxb1 e4 27. Kf1 Rxa3 28.
Ke1 Rc4 29. b5 Rb4 30. Kd1 Bxa1 0-1

[Event "Late-Titled-Tuesday-Blitz-April-30-2024"]
[Site "Chess.com"]
[Date "2024.04.30"]
[Round "3"]
[White "Mikhal867"]
[Black "Agustin_Meza"]
[Result "1-0"]
[WhiteElo "2544"]
[BlackElo "2137"]
[TimeControl "180+1"]
[EndTime "14:28:01 PDT"]
[Termination "Mikhal867 won on time"]

1. c4 c5 2. Nf3 Nc6 3. g3 g6 4. d4 cxd4 5. Nxd4 Bg7 6. Nc2 d6 7. Bg2 Nf6 8. Nc3 O-O 9. O-O Be6 10. b3 Ng4 11. Bb2 Qa5 12. Qd2 Bh6 13. e3 Bg7 14. Rfd1 Qh5 15. h3 Nge5 16. g4 Nxg4 17. hxg4 Bxg4 18.
Rf1 Bf3 19. Bxf3 Qxf3 20. Qd1 Qh3 21. Ne1 Ne5 22. Qe2 Ng4 23. f3 Bh6 24. Nd5 Qg3+ 25. Qg2 Qxg2+ 26. Nxg2 1-0

[Event "Late-Titled-Tuesday-Blitz-April-30-2024"]
[Site "Chess.com"]
[Date "2024.04.30"]
[Round "3"]
[White "DanielNaroditsky"]
[Black "only_strong_moves"]
[Result "1-0"]
[WhiteElo "3044"]
[BlackElo "2724"]
[TimeControl "180+1"]
[EndTime "14:28:03 PDT"]
[Termination "DanielNaroditsky won by resignation"]

1. e4 c5 2. c3 Nf6 3. e5 Nd5 4. Nf3 Nc6 5. Bc4 Nb6 6. Bb3 c4 7. Bc2 d6 8. exd6 Qxd6 9. O-O Bg4 10. Re1 e6 11. Na3 Be7 12. b3 cxb3 13. axb3 O-O 14. d4 Rac8 15. Nc4 Qb8 16. Nxb6 axb6 17. h3 Bxf3 18. Qxf3 Nxd4 19. Bxh7+ Kxh7 20. cxd4 Rc6 21. d5 Rcc8 22. Bb2 Qd6 23. Rad1 e5 24. Bxe5 Qg6 25. d6 Bg5 26. d7 Rc6 27. Qg3 Bd8 28. Bd6 Qxg3 29. fxg3 Rg8 30. Re8 Bf6 31. Be7 1-0

[Event "Late-Titled-Tuesday-Blitz-April-30-2024"]
[Site "Chess.com"]
[Date "2024.04.30"]
[Round "3"]
[White "Aryan_Tamadon"]
[Black "PoAslan"]
[Result "1-0"]
[WhiteElo "2604"]
[BlackElo "2377"]
[TimeControl "180+1"]
[EndTime "14:28:03 PDT"]
[Termination "Aryan_Tamadon won by resignation"]

1. Nf3 Nf6 2. d3 d5 3. g3 c5 4.
Bg2 Nc6 5. O-O e5 6. Na3 Be7 7. e4 O-O 8. exd5 Nxd5 9. Re1 f6 10. c3 Be6 11. d4 cxd4 12. cxd4 Bb4 13. Bd2 Bxa3 14.
bxa3 Bg4 15. h3 Bxf3 16. Qxf3 Nb6 17. d5 Nd4 18. Qd3 Kh8 19. f4 Rc8 20. fxe5 fxe5 21. Rxe5 Nc2 22. Rc1 Qf6 23. Bf4 Nb4 24. Qe2 Rxc1+ 25.
Bxc1 Na6 26. Bg5 Qf7 27. d6 Nc5 28. Rxc5 1-0

[Event "Late-Titled-Tuesday-Blitz-April-30-2024"]
[Site "Chess.com"]
[Date "2024.04.30"]
[Round "3"]
[White "Laico"]
[Black "ritanovikova"]
[Result "1-0"]
[WhiteElo "2425"]
[BlackElo "2179"]
[TimeControl "180+1"]
[EndTime "14:28:04 PDT"]
[Termination "Laico won on time"]

1. e4 d5 2. exd5 Qxd5 3. Nc3 Qd6 4. d4 Nf6 5. Nf3 a6 6. Ne5 Nc6 7. Bf4 Qxd4 8. Nxc6 Qxd1+ 9. Rxd1 bxc6 10. Bxc7 Bf5 11.
Bxa6 Bd7 12. Bc4 e6 13. O-O Nd5 14. Ne4 Nxc7 15. Rfe1 Be7 16. f4 O-O 17. Rxd7 Nd5 18. Bxd5 cxd5 19. Rxe7 dxe4 20. Rxe4 Rxa2 21. Rb4 g6 22.
Rbb7 Kg7 23. Kf2 Kf6 24. Ke3 h6 25. c4 Rxb2 26. Rxf7+ Rxf7 27. Rxb2 g5 28. fxg5+ hxg5 29. Rf2+ 1-0

[Event "Late-Titled-Tuesday-Blitz-April-30-2024"]
[Site "Chess.com"]
[Date "2024.04.30"]
[Round "3"]
[White "chigorin28"]
[Black "SchmakAttack"]
[Result "1-0"]
[WhiteElo "2520"]
[BlackElo "2807"]
[TimeControl "180+1"]
[EndTime "14:28:06 PDT"]
[Termination "chigorin28 won by checkmate"]

1. d4 Nf6 2. c4 e6 3. Nc3 d5 4.
Nf3 dxc4 5. e4 Bb4 6. Qc2 b5 7. Bg5 h6 8. Bh4 Bb7 9. e5 g5 10. Nxg5 hxg5 11. Bxg5 Nbd7 12. exf6 c5 13. O-O-O Qb6 14.
dxc5 Nxc5 15. Be3 Qa5 16. Be2 Bxg2 17. Rhg1 Bc6 18. Rg5 Nd7 19. Bxc4 Bxc3 20. Bxe6 fxe6 21. f7+ Ke7 22. bxc3 Qa3+ 23. Kb1 Qa4 24. Qd2 Bd5 25.
Rxd5 exd5 26. Qxd5 Nf6 27. Bc5# 1-0

[Event "Late-Titled-Tuesday-Blitz-April-30-2024"]
[Site "Chess.com"]
[Date "2024.04.30"]
[Round "3"]
[White "sillypiggy2024"]
[Black "LuisFSiles"]
[Result "0-1"]
[WhiteElo "1735"]
[BlackElo "2428"]
[TimeControl "180+1"]
[EndTime "14:28:10 PDT"]
[Termination "LuisFSiles won on time"]

1. d4 Nf6 2. c4 g6 3. g3 Bg7 4. Bg2 O-O 5. Nc3 c5 6. Nf3 d6 7. O-O Nc6 8. dxc5 dxc5 9. Bf4 Be6 10. Qa4 Nd7 11. Rfd1 Nd4 12. Nxd4 cxd4 13. Nd5 Nb6 14. Nxb6 axb6 15. Qb3 Rc8 16. Rac1 Rc5 0-1

[Event "Late-Titled-Tuesday-Blitz-April-30-2024"]
[Site "Chess.com"]
[Date "2024.04.30"]
[Round "3"]
[White "ural58"]
[Black "jraosam"]
[Result "1-0"]
[WhiteElo "2539"]
[BlackElo "2070"]
[TimeControl "180+1"]
[EndTime "14:28:11 PDT"]
[Termination "ural58 won by resignation"]

1. e4 e5 2. Nf3 Nc6 3. Bc4 Nf6 4. Ng5 d5 5. exd5 Na5 6. Bb5+ c6 7. dxc6 bxc6 8. Bd3 h6 9. Ne4 Nxe4 10. Bxe4 Be7 11. Qf3 O-O 12. Bf5 Ba6 13. d3 g6 14. Bh3 f5 15.
Bxh6 e4 16. Qg3 Rf6 17. O-O exd3 18. cxd3 Bxd3 19. Rd1 Rd6 20. Rxd3 Qe8 21. Nc3 Rad8 22. Rxd6 Bxd6 23. Qe3 Qf7 24. Bg5 Re8 25. Qd3 Nc4 26. b3 Qd7 27. Bf4 Qg7 28. Bxd6 Nxd6 29. Rd1 Ne4 30. Nxe4 Rxe4 31. Qd8+ Kh7 32. g3 Re7 33. Bg2 Qe5 34. Rd7 Rxd7 35. Qxd7+ Kh6 36. Qd2+ g5 37.
Bxc6 a5 38. h4 f4 39. hxg5+ Kh7 40. Qd7+ Qg7 41. Qxg7+ 1-0

[Event "Late-Titled-Tuesday-Blitz-April-30-2024"]
[Site "Chess.com"]
[Date "2024.04.30"]
[Round "3"]
[White "dropstoneDP"]
[Black "Umumba_FM"]
[Result "1-0"]
[WhiteElo "3004"]
[BlackElo "2698"]
[TimeControl "180+1"]
[EndTime "14:28:13 PDT"]
[Termination "dropstoneDP won by resignation"]

1. e4 Nc6 2. d4 d5 3. e5 f6 4. Bb5 Bf5 5. Nf3 e6 6. O-O Be7 7. Re1 Nh6 8. Bxh6 gxh6 9. exf6 Bxf6 10. Ne5 Bxe5 11. Rxe5 O-O 12. Bxc6 bxc6 13. Nd2 Qf6 14.
c3 Kh8 15. Qe2 Rg8 16. Re1 Rg6 17. Nf1 h5 18. Ng3 Rag8 19. Kh1 Bg4 20. f3 h4 21.
fxg4 hxg3 22. Rxe6 Qh4 23. Qe5+ R6g7 24. Qxg3 Qxg3 25.
hxg3 Rxg4 26. R1e3 Rf8 27. Kg1 Rg6 28. Rxg6 hxg6 29.
Re6 Kg7 30. Rxc6 Rb8 31. Rxc7+ Kf6 32. b4 a5 33. a3 axb4 34. axb4 Ra8 35. Rc6+ Kf5 36.
Rd6 Ke4 37. Rxg6 Kd3 38. Rc6 Ra1+ 39. Kf2 Ra2+ 40. Kf3 Ra1 41. g4 Rf1+ 42. Kg3 Ke4 43. b5 Rb1 44. b6 Rb3 45. Kh4 Rb2 46. g3 Rh2+ 47. Kg5 Rb2 48. Kf6 Kf3 49. g5 Kxg3 50. g6 1-0

[Event "Late-Titled-Tuesday-Blitz-April-30-2024"]
[Site "Chess.com"]
[Date "2024.04.30"]
[Round "3"]
[White "dennisodessa"]
[Black "carloseduar100"]
[Result "1-0"]
[WhiteElo "2552"]
[BlackElo "2221"]
[TimeControl "180+1"]
[EndTime "14:28:14 PDT"]
[Termination "dennisodessa won on time"]

1. d4 d5 2. c4 e5 3. dxe5 d4 4. a3 Nc6 5. Nf3 Nge7 6. b4 Ng6 7. Bb2 a5 8. b5 Ncxe5 9. Bxd4 Nxc4 10. e3 Nd6 11.
Nc3 Bg4 12. Be2 Qd7 13. h3 Bf5 14. g4 Be4 15. Nxe4 Nxe4 16. Qc2 Nd6 17. Rc1 Nxb5 18. Qe4+ Be7 19. Qxb7 O-O 20. Qxb5 Qxb5 21. Bxb5 Bxa3 22. Rxc7 Bb4+ 23. Ke2 a4 24. Rb1 Bd6 25. Rd7 1-0

[Event "Late-Titled-Tuesday-Blitz-April-30-2024"]
[Site "Chess.com"]
[Date "2024.04.30"]
[Round "3"]
[White "mishanick"]
[Black "Kobalia"]
[Result "1-0"]
[WhiteElo "3105"]
[BlackElo "2774"]
[TimeControl "180+1"]
[EndTime "14:28:15 PDT"]
[Termination "mishanick won by resignation"]

1. d4 d5 2. c4 c6 3. Nf3 Nf6 4. Nc3 e6 5. e3 Nbd7 6. Qc2 Bd6 7. Be2 O-O 8. O-O dxc4 9. Bxc4 e5 10. a3 Qe7 11. h3 a5 12. Ba2 Bc7 13. Bd2 h6 14. Nh4 Rd8 15. f4 exd4 16. Nf5 Qe8 17. exd4 Nf8 18.
Ng3 Bb6 19. Rae1 Qd7 20. Kh1 Bxd4 21. Nce4 Nxe4 22. Nxe4 Qc7 23. f5 Nh7 24. Bf4 Qb6 25. Nd6 Rxd6 26. Re8+ Nf8 27. Bxd6 Bxf5 28. Qxf5 1-0

[Event "Late-Titled-Tuesday-Blitz-April-30-2024"]
[Site "Chess.com"]
[Date "2024.04.30"]
[Round "3"]
[White "WilsonPalencia21"]
[Black "ViIIagra"]
[Result "0-1"]
[WhiteElo "2510"]
[BlackElo "2883"]
[TimeControl "180+1"]
[EndTime "14:28:15 PDT"]
[Termination "ViIIagra won by resignation"]

1. d4 d6 2. Nf3 Nf6 3. c4 g6 4. Nc3 Bg7 5. e4 O-O 6. Be2 c5 7. d5 e6 8. h3 a6 9. O-O Re8 10. Bd3 b6 11. Bf4 Ra7 12. Qd2 Nh5 13. Bh2 e5 14. g4 Nf6 15. Kg2 h5 16. g5 Nh7 17.
Bg3 f6 18. gxf6 Bxf6 19. h4 Rg7 20. Kh2 Rf8 21. Rg1 Bg4 22. Be2 Bxf3 23. Bxf3 Bxh4 24. Qe2 Ng5 25. Bg2 Bxg3+ 26. fxg3 Nd7 27. Rgf1 Nf6 28. Kg1 Rgf7 29. a4 Qd7 30. a5 bxa5 31. Rxa5 Ng4 32. Rxf7 Rxf7 33. Ra1 Rf2 34. Qe1 Qf7 35. Qd1 Rxg2+ 0-1

[Event "Late-Titled-Tuesday-Blitz-April-30-2024"]
[Site "Chess.com"]
[Date "2024.04.30"]
[Round "3"]
[White "Heliosis11"]
[Black "ahmedkandiliii"]
[Result "0-1"]
[WhiteElo "2390"]
[BlackElo "2610"]
[TimeControl "180+1"]
[EndTime "14:28:18 PDT"]
[Termination "ahmedkandiliii won on time"]

1. e4 g6 2. d4 Bg7 3. Nf3 c6 4.
a4 d5 5. e5 f6 6. Bf4 Nh6 7. Bd3 O-O 8. Qd2 Nf7 9. O-O Bg4 10.
exf6 Bxf6 11. Ne5 Nxe5 12. dxe5 Bg7 13. Nc3 Nd7 14. Rfe1 Nc5 15. h3 Bf5 16. Bxf5 Rxf5 17. Bg3 e6 18. b4 Nd7 19. f4 Qc7 20. Ne2 c5 21. bxc5 Nxc5 22. Nd4 Rf7 23. Bh4 Ne4 24.
Qe3 Qd7 25. Rad1 Raf8 26. Rf1 Bh6 27. Nb5 Bxf4 28. Qxa7 Bxe5 29. Rxf7 Qxf7 30. Qb6 g5 31. Qe3 gxh4 0-1

[Event "Late-Titled-Tuesday-Blitz-April-30-2024"]
[Site "Chess.com"]
[Date "2024.04.30"]
[Round "3"]
[White "Alex_Sahakyan2006"]
[Black "ACollins05"]
[Result "0-1"]
[WhiteElo "2813"]
[BlackElo "2581"]
[TimeControl "180+1"]
[EndTime "14:28:22 PDT"]
[Termination "ACollins05 won on time"]

1. Nf3 b5 2. e4 a6 3. d4 Bb7 4.
Bd3 e6 5. O-O c5 6. c3 d6 7. a4 c4 8. Bc2 Nf6 9. Qe2 Be7 10. axb5 axb5 11. Rxa8 Bxa8 12. Na3 Qb6 13. Bg5 Nbd7 14. Ra1 O-O 15. e5 Bxf3 16. Qxf3 dxe5 17.
dxe5 Nxe5 18. Qg3 Ng6 19. h4 Rd8 20. Qf3 Nd5 21. Bxe7 Ndxe7 22. h5 Nf8 23. h6 gxh6 24. Qf6 Nfg6 25. Bxg6 Nxg6 26. Nxb5 Rf8 27. Nd4 Qxb2 28. Rd1 Qxc3 29. g3 Qb2 30. Qf3 c3 31. Qe4 Rd8 32. Rb1 Rxd4 33. Qa8+ Kg7 34. Rxb2 cxb2 35. Qb7 Rd1+ 0-1

[Event "Late-Titled-Tuesday-Blitz-April-30-2024"]
[Site "Chess.com"]
[Date "2024.04.30"]
[Round "3"]
[White "rasmussvane"]
[Black "Jarming"]
[Result "1-0"]
[WhiteElo "2957"]
[BlackElo "2681"]
[TimeControl "180+1"]
[EndTime "14:28:29 PDT"]
[Termination "rasmussvane won by resignation"]

1. Nf3 g6 2. e4 c5 3. c4 Nc6 4. d4 cxd4 5. Nxd4 Bg7 6. Be3 Nf6 7. Nc3 O-O 8. Be2 b6 9. O-O Bb7 10.
Nc2 Rc8 11. f3 Re8 12. Qd2 e6 13. Rfd1 d5 14. cxd5 exd5 15. exd5 Ne7 16. Bb5 Rf8 17. d6 Nf5 18. d7 Ra8 19. Nb4 Nxe3 20. Qxe3 a6 21.
Bc6 Ra7 22. Bxb7 Rxb7 23. Nc6 Qc7 24. d8=Q Qxc6 25. Qd6 Qc4 26. Qed4 Qc8 27. Q4xf6 Bxf6 28. Qxf6 Rd7 29. Ne4 Rxd1+ 30. Rxd1 Qc2 31. Rd2 Qc1+ 32. Kf2 Re8 33. Qc3 1-0

[Event "Late-Titled-Tuesday-Blitz-April-30-2024"]
[Site "Chess.com"]
[Date "2024.04.30"]
[Round "3"]
[White "Dr_Pepper18"]
[Black "JaackCamel"]
[Result "1-0"]
[WhiteElo "2500"]
[BlackElo "2260"]
[TimeControl "180+1"]
[EndTime "14:28:30 PDT"]
[Termination "Dr_Pepper18 won by resignation"]

1. Nf3 d5 2. c4 e6 3. b3 Nf6 4. Bb2 Bd6 5. e3 O-O 6. Nc3 b6 7. cxd5 exd5 8. Be2 Bb7 9. O-O c5 10. d4 Nc6 11. Rc1 Rc8 12. dxc5 Bxc5 13. Nb5 Re8 14. Nbd4 h6 15. Nxc6 Bxc6 16. Ba6 Rc7 17. Be5 Rd7 18. b4 Bd6 19. Rxc6 Bxe5 20. Nxe5 Rc7 21. Rxc7 Qxc7 22. Nf3 Rd8 23. Nd4 Ne4 24. Qc2 Qd6 25. a3 Qg6 26. f3 Qg5 27. fxe4 Qxe3+ 28. Qf2 Qg5 29. Qxf7+ Kh8 30. Ne6 Qe3+ 31. Qf2 Qxf2+ 32. Rxf2 Re8 33. exd5 1-0

[Event "Late-Titled-Tuesday-Blitz-April-30-2024"]
[Site "Chess.com"]
[Date "2024.04.30"]
[Round "3"]
[White "prxcess_brownie"]
[Black "miaou33"]
[Result "0-1"]
[WhiteElo "2194"]
[BlackElo "2547"]
[TimeControl "180+1"]
[EndTime "14:28:31 PDT"]
[Termination "miaou33 won by checkmate"]

1. c4 c6 2. e4 d5 3. exd5 cxd5 4.
cxd5 Nf6 5. Nc3 Nxd5 6. Nf3 Nc6 7. Bb5 g6 8. Qa4 Nb6 9. Bxc6+ bxc6 10. Qxc6+ Bd7 11.
Qe4 Bg7 12. d4 O-O 13. O-O Rc8 14. Bg5 Re8 15. Rfe1 Bf5 16. Qe2 Nd5 17. Rac1 h6 18. Nxd5 Qxd5 19. Be3 Rxc1 20. Rxc1 Qxa2 21. Qb5 Rf8 22. h3 a6 23. Qb4 Be4 24. Nd2 Ba8 25. Nc4 Rc8 26. b3 e6 27. Kh2 Bd5 28. Nd6 Rxc1 29.
Qb8+ Kh7 30. Bxc1 Qxf2 31. Qe8 Qxg2# 0-1

[Event "Late-Titled-Tuesday-Blitz-April-30-2024"]
[Site "Chess.com"]
[Date "2024.04.30"]
[Round "3"]
[White "Kostukov_Alex"]
[Black "brother-bear"]
[Result "1-0"]
[WhiteElo "2384"]
[BlackElo "2050"]
[TimeControl "180+1"]
[EndTime "14:28:31 PDT"]
[Termination "Kostukov_Alex won on time"]

1. g3 d5 2. Bg2 c5 3. d3 e5 4.
e4 d4 5. f4 Nc6 6. Nf3 Nf6 7.
O-O Bd6 8. Na3 Bg4 9. h3 Bxf3 10. Qxf3 Qe7 11. Nc4 Bc7 12. a4 O-O-O 13. Bd2 Kb8 14. a5 h5 15. h4 Ng4 16. Bh3 exf4 17. Bxf4 Bxf4 18. Qxf4+ Nge5 19. Rf2 f6 20. b3 Ka8 21. Qf5 Nxc4 22. bxc4 Ne5 23. Qe6 Qc7 24. Rff1 Ng4 25. Rf3 Ne3 26. a6 Nxc2 27. axb7+ Qxb7 28. Ra5 Ne3 29. Rxe3 dxe3 30. e5 Rxd3 31. Bg2 1-0

[Event "Late-Titled-Tuesday-Blitz-April-30-2024"]
[Site "Chess.com"]
[Date "2024.04.30"]
[Round "3"]
[White "IlanSchnaider"]
[Black "Sjakkerntobi"]
[Result "1-0"]
[WhiteElo "2738"]
[BlackElo "2496"]
[TimeControl "180+1"]
[EndTime "14:28:33 PDT"]
[Termination "IlanSchnaider won by resignation"]

1. e4 e6 2. d4 d5 3. e5 c5 4. c3 Qb6 5. Nf3 Bd7 6. Bd3 Bb5 7. O-O Bxd3 8. Qxd3 cxd4 9. cxd4 Nc6 10. a3 Nge7 11. Nc3 Nf5 12. Nxd5 Qd8 13. Nc3 Nfxd4 14. Rd1 Bc5 15. Ne4 Nxf3+ 16. Qxf3 Qb6 17. Be3 Nxe5 18. Qg3 Bxe3 19. Qxg7 Bxf2+ 20. Kh1 Rf8 21. Qxe5 f5 22. Nf6+ Kf7 23. Nxh7 Rfd8 24. Ng5+ Kg8 25. Nxe6 Rxd1+ 26. Rxd1 Qc7 1-0

[Event "Late-Titled-Tuesday-Blitz-April-30-2024"]
[Site "Chess.com"]
[Date "2024.04.30"]
[Round "3"]
[White "GalaxyRoman"]
[Black "norwaytoadog"]
[Result "1-0"]
[WhiteElo "2754"]
[BlackElo "2342"]
[TimeControl "180+1"]
[EndTime "14:28:33 PDT"]
[Termination "GalaxyRoman won on time"]

1. e4 e5 2. Nf3 Nc6 3. Bc4 Nf6 4. d3 Be7 5. c3 O-O 6. Bb3 d5 7. exd5 Nxd5 8. O-O Bg4 9. Re1 Nb6 10. h3 Bh5 11.
Qe2 Bd6 12. Nbd2 Kh8 13. Ne4 f5 14. Nxd6 Qxd6 15. Qe3 f4 16. Qe2 Rae8 17. Bd2 e4 18.
dxe4 Ne5 19. Kh1 Bxf3 20. gxf3 Qd7 21. Kg2 Rf6 22. Rh1 Rg6+ 23. Kf1 Rd8 24. Bxf4 Qe7 25. Bg3 Rf8 26. f4 Nc6 27. Rd1 a5 28. f5 Rh6 29.
Kg2 Ne5 30. f4 Nc6 31. Bd5 Rxf5 32. Bxc6 bxc6 33. Rd3 Nd5 34. Qf3 Rxf4 35. Bxf4 Nxf4+ 36. Qxf4 Rg6+ 37. Rg3 Rf6 38. Qe3 1-0

[Event "Late-Titled-Tuesday-Blitz-April-30-2024"]
[Site "Chess.com"]
[Date "2024.04.30"]
[Round "3"]
[White "GMG"]
[Black "Krlence"]
[Result "1-0"]
[WhiteElo "2798"]
[BlackElo "2501"]
[TimeControl "180+1"]
[EndTime "14:28:35 PDT"]
[Termination "GMG won by resignation"]

1. e4 d5 2. exd5 Qxd5 3. Nc3 Qd6 4. d4 c6 5. Nf3 Nf6 6. Ne5 Nbd7 7.
Nc4 Qc7 8. Qf3 Nb6 9. Bf4 Qd8 10. Ne5 Bf5 11. O-O-O e6 12. g4 Bg6 13. h4 Nbd5 14. h5 Nxc3 15. hxg6 Nxa2+ 16. Kb1 Qa5 17. gxf7+ Kd8 18. Qb3 Nb4 19. Qxe6 Qd5 20. Bc4 Qxe6 21. Bxe6 Ke7 22. Bb3 Nbd5 23. Bg5 Kd6 24. Rhe1 b5 25. c4 bxc4 26. Nxc4+ Kd7 27. Ne5+ Kd6 28. Bh4 Nf4 29. Bg3 g5 30. Rc1 Rc8 31. Nd3 Be7 32. Re6+ Kd7 33. Bxf4 gxf4 34. Ne5+ Kd8 35. Nxc6+ Rxc6 36. Rexc6 1-0

[Event "Late-Titled-Tuesday-Blitz-April-30-2024"]
[Site "Chess.com"]
[Date "2024.04.30"]
[Round "3"]
[White "DucksParadise"]
[Black "jaramsdal"]
[Result "1-0"]
[WhiteElo "2598"]
[BlackElo "2376"]
[TimeControl "180+1"]
[EndTime "14:28:36 PDT"]
[Termination "DucksParadise won by resignation"]

1. g3 e5 2. Bg2 d5 3. d3 Be6 4. Nf3 f6 5. a3 Bd6 6. b4 a5 7. b5 Nd7 8. Bb2 Ne7 9. Nbd2 O-O 10. O-O Nb6 11. a4 Kh8 12. e4 d4 13. c3 dxc3 14.
Bxc3 Bb4 15. Qc2 Qd6 16. d4 Bxc3 17. Qxc3 exd4 18. Nxd4 Bf7 19. Rfd1 Rfd8 20. N2b3 Qb4 21. Qxb4 axb4 22. Nc5 Nxa4 23. Nxa4 c6 24. Bf3 cxb5 25. Nxb5 Rxd1+ 26. Bxd1 Be8 1-0

[Event "Late-Titled-Tuesday-Blitz-April-30-2024"]
[Site "Chess.com"]
[Date "2024.04.30"]
[Round "3"]
[White "aranibos"]
[Black "Doomfist26"]
[Result "0-1"]
[WhiteElo "2299"]
[BlackElo "2634"]
[TimeControl "180+1"]
[EndTime "14:28:37 PDT"]
[Termination "Doomfist26 won on time"]

1. d4 Nf6 2. Nf3 g6 3. Bg5 Bg7 4. Nbd2 O-O 5. e3 h6 6. Bh4 d6 7. Bd3 b6 8. c3 Bb7 9. Bxf6 Bxf6 10. Qb3 Kh8 11. Be4 Qc8 12. Bxb7 Qxb7 13. O-O Nd7 14. a4 a5 15. e4 Bg7 16. Rfe1 Rad8 17. Nc4 Qc6 18.
Rad1 e5 19. dxe5 dxe5 20. Rd5 Nc5 21. Qd1 Rxd5 22. Qxd5 Qxd5 23. exd5 f6 24. d6 cxd6 25. Nxb6 Rb8 26. Nc4 Nxa4 27. Ra1 Nxb2 28. Rb1 a4 29. h4 d5 30. Nxb2 a3 31. Ra1 axb2 32. Rb1 f5 33. Ne1 e4 34. Nc2 Bxc3 35. Na3 Ra8 36.
Nb5 Be5 0-1

[Event "Late-Titled-Tuesday-Blitz-April-30-2024"]
[Site "Chess.com"]
[Date "2024.04.30"]
[Round "3"]
[White "rdarruda"]
[Black "marvinguevara"]
[Result "1/2-1/2"]
[WhiteElo "2540"]
[BlackElo "2210"]
[TimeControl "180+1"]
[EndTime "14:28:37 PDT"]
[Termination "Game drawn - insufficient material"]

1. Nf3 Nf6 2. d4 g6 3. Nc3 d5 4. Bg5 Bg7 5. Bxf6 Bxf6 6. e4 dxe4 7. Nxe4 Bg7 8. Bc4 O-O 9. O-O Nd7 10. Re1 Nf6 11. Qe2 Bf5 12. Ng3 Bg4 13. c3 e6 14.
h3 Bf5 15. Nxf5 exf5 16. Qe7 Ne4 17. Qxd8 Raxd8 18. Rad1 c5 19. dxc5 Nxc5 20. Rxd8 Rxd8 21. Re7 Rd7 22. Bxf7+ Kf8 23. Rxd7 Nxd7 24. Bd5 b6 25. Ng5 Nf6 26. Ne6+ Ke7 27. Bc4 Bh8 28. Nc7 Ne8 29.
Nb5 Nd6 30. Nxd6 Kxd6 31. Bg8 Ke7 32. Bxh7 Kf7 33. f4 Kg7 34. Bxg6 Kxg6 35. Kf2 b5 36. Kf3 a5 37. g4 a4 38. a3 Bf6 39. Ke3 b4 40. Kd3 bxc3 41. bxc3 Be7 42. Kc4 Bxa3 43. Kb5 Bd6 44. Kxa4 Bxf4 45. c4 fxg4 46. hxg4 Kg5 47. Kb5 Kxg4 48. Kc6 Kg5 49. Kd7 Bh2 50. c5 Kf6 51. c6 Kf7 52. c7 Bxc7 1/2-1/2

[Event "Late-Titled-Tuesday-Blitz-April-30-2024"]
[Site "Chess.com"]
[Date "2024.04.30"]
[Round "3"]
[White "AsaHoffmann"]
[Black "kylelancman"]
[Result "1-0"]
[WhiteElo "2329"]
[BlackElo "2500"]
[TimeControl "180+1"]
[EndTime "14:28:39 PDT"]
[Termination "AsaHoffmann won by resignation"]

1. d4 d5 2. Bg5 f6 3. Bf4 Nc6 4.
Nf3 Bg4 5. Nbd2 g5 6. Bg3 Nh6 7. e3 Nf5 8. Bb5 h5 9. h3 Nxg3 10. fxg3 Bd7 11. c4 e6 12. Qc2 Rh6 13. a3 a6 14. Bxc6 Bxc6 15. O-O-O Bd6 16. g4 h4 17. e4 dxe4 18. Nxe4 Bf4+ 19. Kb1 Qe7 20. d5 Bd7 21. Rhe1 O-O-O 22. Nd4 e5 23. Nf5 Bxf5 24. gxf5 Kb8 25.
c5 Rhh8 26. Qa4 Ka7 27. d6 cxd6 28. cxd6 Qf7 29. Rd3 Rc8 30. d7 Rc4 31. Nd6 Rxa4 32. Nxf7 1-0

[Event "Late-Titled-Tuesday-Blitz-April-30-2024"]
[Site "Chess.com"]
[Date "2024.04.30"]
[Round "3"]
[White "Mackster23"]
[Black "penguingm1"]
[Result "0-1"]
[WhiteElo "2597"]
[BlackElo "2860"]
[TimeControl "180+1"]
[EndTime "14:28:40 PDT"]
[Termination "penguingm1 won by resignation"]

1. e4 e5 2. Nf3 Nc6 3. Bb5 g6 4. c3 a6 5. Ba4 Bg7 6. O-O b5 7. Bc2 d6 8. d4 exd4 9. cxd4 Bg4 10. Be3 Bxf3 11. gxf3 Qf6 12. Nc3 Nge7 13. d5 Ne5 14. Kg2 g5 15. Bd4 N7g6 16. Kh1 Nh4 17. f4 Qxf4 18. Be3 Qf3+ 19. Qxf3 Nexf3 20. Rad1 Be5 21. h3 h5 22. Ne2 Bxb2 23. Ng1 Be5 24. Nxf3 Nxf3 25.
Kg2 g4 26. Rd3 Kd7 27. Bd1 Nh4+ 28. Kh1 Rag8 29. a4 Ke7 30. axb5 axb5 31. Rb3 g3 32.
fxg3 Rxg3 33. Bf2 Rxb3 34. Bxh4+ f6 35. Bxb3 Ra8 36. Bd1 Ra3 37. Bf3 b4 38. Kg2 b3 39.
Be2 b2 40. Rb1 Re3 41. Bf3 Rc3 42. Be2 Re3 43. Bf3 Kf8 44. Bf2 Ra3 45. Be2 Kg7 46.
Be1 Kg6 47. Bd2 Rg3+ 48. Kf2 Rxh3 49. Rg1+ Kf7 50. Bb5 Bd4+ 51. Kg2 Bxg1 0-1

[Event "Late-Titled-Tuesday-Blitz-April-30-2024"]
[Site "Chess.com"]
[Date "2024.04.30"]
[Round "3"]
[White "duone"]
[Black "th3d4rkness"]
[Result "1-0"]
[WhiteElo "2417"]
[BlackElo "2160"]
[TimeControl "180+1"]
[EndTime "14:28:43 PDT"]
[Termination "duone won on time"]

1. e4 c5 2. Nf3 Nc6 3. d4 cxd4 4.
Nxd4 Nf6 5. Nc3 e5 6. Ndb5 d6 7.
Nd5 Nxd5 8. exd5 Nb8 9. c4 Be7 10. Be3 a6 11. Nc3 O-O 12. Bd3 f5 13. O-O e4 14.
Bc2 Nd7 15. f3 f4 16. Bd4 e3 17. Qd3 g6 18. Rae1 Bf6 19. Ne4 Ne5 20. Qc3 Bf5 21.
c5 Bxe4 22. fxe4 g5 23. cxd6 Rc8 24. Qb3 Qxd6 25. Bc3 Rf7 26. Re2 b5 27. a3 Kg7 28.
Rd1 Nc4 29. Bxf6+ Qxf6 30. Bd3 Nd2 31. Qb4 f3 32. Rexd2 exd2 33. Qxd2 fxg2 34. Qxg2 h6 35. Rf1 Qd4+ 36. Kh1 Rxf1+ 37. Qxf1 Rf8 38. Qe2 Rf2 39. Qd1 1-0

[Event "Late-Titled-Tuesday-Blitz-April-30-2024"]
[Site "Chess.com"]
[Date "2024.04.30"]
[Round "3"]
[White "ChadBiryani"]
[Black "WildTricks"]
[Result "1-0"]
[WhiteElo "2493"]
[BlackElo "2689"]
[TimeControl "180+1"]
[EndTime "14:28:44 PDT"]
[Termination "ChadBiryani won on time"]

1. d4 Nf6 2. Nc3 d5 3. Bf4 a6 4. e3 b5 5. Nf3 e6 6. Ne5 c5 7. g4 Bb7 8. g5 Nfd7 9. Qh5 Nxe5 10. Bxe5 Nd7 11. Bf4 Rc8 12. Bh3 cxd4 13. exd4 b4 14. Bxe6 Qe7 15. O-O bxc3 16. Rae1 Kd8 17. Bxf7 g6 18.
Rxe7 Bxe7 19. Bxg6 cxb2 20. Rb1 Rf8 21. Bf7 Rxc2 22.
Qxh7 Re2 23. g6 Nf6 24. Qh3 Bc8 25. Qc3 1-0